 Dungeon Crawl Stone Soup version 0.16-a0-3880-g9314259 (webtiles) character file.

784 timbw the Sneak (level 7, -7/49 HPs)
             Began as an Octopode Assassin on Feb 1, 2015.
             Was an Initiate of Trog.
             Mangled by an orc warrior
             ... wielding a +0 war axe
              (13 damage)
             ... on level 7 of the Dungeon.
             The game lasted 00:14:42 (2913 turns).

timbw the Sneak (Octopode Assassin)                 Turns: 2913, Time: 00:14:42

Health: -7/49      AC:  1    Str: 11    XL:     7   Next: 86%
Magic:  7/7        EV: 14    Int: 13    God:    Trog [......]
Gold:   285        SH:  0    Dex: 15    Spells: 0 memorised, 6 levels left

rFire  . . .     SeeInvis .     v - +4 scimitar (vamp) (curse)
rCold  . . .     Clarity  .     (no shield)
rNeg   . . .     SustAb   .     (helmet restricted)
rPois  .         Gourm    .     (no amulet)
rElec  .         Spirit   .     (no ring)
rCorr  .         Warding  .     (no ring)
rMut   .         Stasis   .     (no ring)
MR     .....                    (no ring)
Stlth  +++++.....               (no ring)
                                (no ring)
                                (no ring)
                                (no ring)

@: drained, not resistant to hostile enchantments, quite stealthy
A: almost no armour, amphibious, 8 rings, constrict 8, camouflage 1, gelatinous
body 1
a: Burn Spellbooks, Renounce Religion


You were on level 7 of the Dungeon.
You worshipped Trog.
Trog was noncommittal.
You were not hungry.

You visited 2 branches of the dungeon, and saw 9 of its levels.

You collected 285 gold pieces.

Inventory:

Hand weapons
 a - a +2 dagger
 b - a +0 blowgun
 c - a +2 falchion of electrocution
 t - a +2 long sword of holy wrath
 v - a cursed +4 vampiric scimitar (weapon)
Missiles
 e - 8 poisoned needles
 f - 2 curare-tipped needles
 u - 6 tomahawks (quivered)
 z - a throwing net
Magical devices
 i - a wand of confusion (28)
 l - a wand of magic darts (11)
 m - a wand of slowing (20)
 o - a wand of flame (12)
 r - a wand of frost (16)
 w - a wand of frost (29)
 C - a wand of disintegration (9)
Scrolls
 d - 3 scrolls of remove curse
 x - a scroll of immolation {unknown}
 y - a scroll of teleportation
 A - a scroll of amnesia {unknown}
Potions
 h - a potion of resistance
 j - 2 potions of haste
 k - a potion of brilliance {unknown}
 n - 2 potions of curing {unknown}
 p - a potion of lignification {unknown}
 q - 2 potions of magic {unknown}
 s - a potion of restore abilities {unknown}
 B - a potion of agility {unknown}
 D - a potion of ambrosia {unknown}
Comestibles
 g - 2 bread rations


   Skills:
 + Level 4.8(4.6) Fighting
 - Level 2.0(3.0) Short Blades
 * Level 3.9(4.0) Long Blades
 - Level 2.0(1.8) Throwing
 + Level 4.3(4.1) Dodging
 - Level 7.7(7.4) Stealth


You had 6 spell levels left.
You didn't know any spells.

Dungeon Overview and Level Annotations

Branches:
Dungeon (8/15)             Temple (1/1) D:7
   Lair: D:8-11

Altars:
Ashenzari
Cheibriados
Dithmenos
Elyvilon
Gozag
Kikubaaqudgha
Makhleb
Nemelex Xobeh
Okawaru
Qazlal
Ru
Sif Muna
Trog
Xom
Yredelemnul
The Shining One

Shops:
D:4 [


Innate Abilities, Weirdness & Mutations

You cannot wear most types of armour.
You are amphibious.
You can wear up to eight rings at the same time.
You can use your tentacles to constrict many enemies at once.
Your skin changes colour to match your surroundings (Stealth).
Your rubbery body absorbs attacks (AC +1).


Message History

You constrict the orc warrior, but do no damage.
The orc warrior hits you with a war axe!!
You hit the orc warrior but do no damage.
You squeeze the orc warrior.
The orc warrior is severely wounded.
You constrict the orc warrior, but do no damage.
The orc warrior hits you with a war axe!
You barely miss the orc warrior.
The orc warrior is severely wounded.
You constrict the orc warrior, but do no damage.
You hit the orc warrior.
The orc warrior is almost dead.
You constrict the orc warrior, but do no damage.
The orc warrior hits you with a war axe!
* * * LOW HITPOINT WARNING * * *
You hit the orc warrior but do no damage.
The orc warrior is almost dead.
You constrict the orc warrior.
The orc warrior hits you with a war axe!
You die...

#####.######.#
#####...#
.............#
#.###
##############
#^# # ### #.#
# #.. ..# #
#.# ### # #.#
# #o# # #@# #
#.# #.# #.#
#.# #.# #[#
#.# #.#


You could see an orc warrior.

Vanquished Creatures
  A sky beast (D:5)
  A centaur (D:6)
  A giant frog (D:7)
  5 wights
  3 hounds
  4 orc priests
  A worker ant (D:5)
  Terence (D:3)
  4 adders
  A gnoll (D:4)
  An adder skeleton (D:7)
  A giant gecko (D:4)
  8 orcs
  A bat (D:2)
  A bat skeleton (D:5)
  2 giant cockroaches
  7 hobgoblins
  3 quokkas (D:4)
  A ball python skeleton (D:4)
  A giant newt (D:2)
  2 goblins
  8 kobolds
  7 rats
65 creatures vanquished.

Notes
Turn   | Place    | Note
--------------------------------------------------------------
     0 | D:1      | timbw, the Octopode Assassin, began the quest for the Orb.
     0 | D:1      | Reached XP level 1. HP: 14/14 MP: 1/1
   158 | D:2      | Reached XP level 2. HP: 19/19 MP: 2/2
   268 | D:3      | Noticed Terence
   274 | D:3      | Killed Terence
   274 | D:3      | Reached skill level 6 in Stealth
   274 | D:3      | Reached XP level 3. HP: 10/25 MP: 3/3
   447 | D:4      | Reached XP level 4. HP: 25/30 MP: 4/4
   482 | D:4      | Found Gucs' Antique Armour Shoppe.
   726 | D:4      | Found a deep blue altar of Sif Muna.
   783 | D:5      | Entered Level 5 of the Dungeon
   783 | D:5      | Noticed a sky beast
   785 | D:5      | Killed a sky beast
   785 | D:5      | Reached skill level 7 in Stealth
   785 | D:5      | Reached XP level 5. HP: 36/36 MP: 5/5
   884 | D:5      | Found an ancient bone altar of Kikubaaqudgha.
  1210 | D:5      | Reached XP level 6. HP: 43/43 MP: 6/6
  1557 | D:5      | Reached skill level 1 in Long Blades
  1954 | D:7      | Found a staircase to the Ecumenical Temple.
  1977 | Temple   | Entered the Ecumenical Temple
  2027 | Temple   | Became a worshipper of Trog the Wrathful
  2202 | D:7      | Found a snail-covered altar of Cheibriados.
  2263 | D:7      | Reached XP level 7. HP: 44/48 MP: 7/7
  2311 | D:7      | Found a sparkling altar of Nemelex Xobeh.
  2913 | D:7      | Mangled by an orc warrior

Action                   |  1- 3 |  4- 6 |  7- 9 || total
-------------------------+-------+-------+-------++-------
Melee: Dagger            |    25 |    45 |       ||    70
       Long sword        |       |    23 |    15 ||    38
       Scimitar          |       |       |    19 ||    19
       Falchion          |       |       |    16 ||    16
 Fire: Blowgun           |     1 |     1 |       ||     2
Evoke: Wand              |       |       |     2 ||     2
  Use: Scroll            |     2 |     4 |     2 ||     8
       Potion            |       |       |     1 ||     1
 Stab: Sleeping          |     9 |    12 |       ||    21
       Distracted        |       |       |     1 ||     1
  Eat: Chunk             |       |     4 |       ||     4
       Meat ration       |       |       |     2 ||     2
